Description

Solid and safe 3 CC build by BeastyQ with notes from comments made during his video.

VOD

https://www.youtube.com/watch?v=BJBG0AzJB08

Build Order

Get SALT Encoding   

  12  0:01  SCV  
  13  0:13  SCV  
  14  0:17  Supply Depot  
  14  0:25  SCV  
  15  0:38  SCV  
  15  0:40  Barracks  
  16  0:44  Refinery  
  16  0:50  SCV  
  17  1:03  SCV  
  18  1:15  SCV  
  19  1:27  Reaper, Orbital Command (Scout nat)  
  20  1:39  Command Center  
  20  1:50  Supply Depot  
  20  1:53  SCV  
  21  1:59  Marine  
  22  2:05  SCV  
  23  2:13  Factory  
  23  2:17  SCV  
  23  2:22  Barracks Reactor  
  24  2:26  Refinery  
  26  2:51  Orbital Command  
  27  2:59  Starport (Switch Barracks and Factory)  
  27  3:06  Hellion x2  
  27  3:08  Barracks Tech Lab  
  32  3:15  Supply Depot (Wall natural)  
  34  3:27  Hellion x2  
  40  3:38  Supply Depot (Switch Barracks and Starport)  
  40  3:41  Banshee  
  41  3:42  Cloaking Field  
  47  3:48  Hellion x2  
  51  3:59  Armory  
  51  4:02  Supply Depot  
  54  4:10  Hellion x2  
  58  4:24  Banshee  
  59  4:28  Barracks Tech Lab  
  68  4:44  Command Center  
  64  4:48  Factory Reactor (Lift for new reactor)  
  64  4:49  Stimpack, Marine  
  67  5:05  Barracks x2  
  69  5:07  Refinery x2  
  69  5:08  Marine  
  70  5:19  Starport Reactor  
  72  5:26  Engineering Bay x2  
  72  5:28  Marine  
  75  5:36  Siege Tank  
  79  5:46  Marine  
  81  5:54  Marine x2  
  84  5:58  Terran Infantry Weapons Level 1, Terran Infantry Armor Level 1  
  84  5:59  Orbital Command  
  84  6:00  Marine x3  
  88  6:06  Medivac x2  
  93  6:15  Siege Tank  
  93  6:18  Orbital Command  
  102  6:27  Terran Vehicle Weapons Level 1  
  105  6:39  Combat Shield  
  112  6:56  Barracks x2  
  112  6:58  Factory  
  112  7:00  Siege Tank  
  118  7:04  Refinery x2  
  126  7:16  Medivac x2  
  136  7:32  Siege Tank  
  141  7:43  Factory Tech Lab, Barracks Reactor x2  
  143  7:50  Medivac  
  150  7:58  Concussive Shells  
  150  8:00  Command Center  
  153  8:13  Siege Tank  
  153  8:19  Siege Tank  
Spawning Tool Build Advisor. Get it on Overwolf

Go to:

Details

  • Created by: Acemond
  • Published on: Jul 21, 2020
  • Modified on: Aug 10, 2020
  • Patch: 4.11.0
  • Difficulty: Medium
Show
View Real Time Build Order
Export as new Build Order

Comments (0)

There are no comments. Be the first!

Create an account to comment!